 Dungeon Sprint DCSS version 0.28-a0-1033-g1a2f33fa85 (webtiles) character file.

Game seed: 6051633556454584649

15200000 ytrimaz the Middleweight Champion (level 27, -331/249 HPs)
             Began as a Demonspawn Gladiator on Dec 7, 2021.
             Was the Champion of Makhleb.
             Annihilated by a fleshlord (433 damage)
             ... in the Dungeon (Sprint VIII: "Arena of Blood").
             The game lasted 00:06:19 (152 turns).

ytrimaz the Middleweight Champion (DsGl)             Turns: 152, Time: 00:06:19

Health: -331/249   AC:  6    Str: 24    XL:     27
Magic:  50/54      EV: 28    Int: 13    God:    Makhleb [******]
Gold:   0          SH:  0    Dex: 16    Spells: 80/80 levels left

rFire   . . .      SeeInvis .   j - +∞ Axe of Woe
rCold   . . .      Faith    .   (shield currently unavailable)
rNeg    . . .      Spirit   .   a - +0 leather armour
rPois   .          Reflect  .   (helmet unavailable)
rElec   .          Harm     .   (cloak unavailable)
rCorr   .          Rampage  .   (no gloves)
Will    +++..      NoTele   +   (boots unavailable)
Stlth   +++++++++.              (no amulet)
HPRegen 8.51/turn               (no ring)
MPRegen 0.34/turn               (no ring)

@: slowed, very slow
A: hooves 3, horns 3, hurl damnation, powered by death 3, spiny 3, torment
resistance 1, demonic willpower, weakness stinger 3
a: Hurl Damnation, Renounce Religion, Minor Destruction, Lesser Servant of
Makhleb, Major Destruction, Greater Servant of Makhleb


You were in the Dungeon.
You worshipped Makhleb.
Makhleb was exalted by your worship.
You visited 1 branch

Inventory:

Hand Weapons
 j - the +∞ Axe of Woe (weapon)
   (You found it in the Dungeon)
Missiles
 c - 3 throwing nets (quivered)
Armour
 a - a +0 leather armour (worn)
Potions
 d - a potion of curing
 e - a potion of heal wounds
 f - a potion of haste
 g - 2 potions of magic
 h - a potion of berserk rage


   Skills:
 O Level 27 Fighting
 O Level 27 Short Blades
 O Level 27 Long Blades
 O Level 27 Axes
 O Level 27 Maces & Flails
 O Level 27 Polearms
 O Level 27 Staves
 O Level 27 Slings
 O Level 27 Bows
 O Level 27 Crossbows
 O Level 27 Throwing
 O Level 27 Armour
 O Level 27 Dodging
 O Level 27 Stealth
 O Level 27 Shields
 O Level 27 Unarmed Combat
 O Level 27 Spellcasting
 O Level 27 Conjurations
 O Level 27 Hexes
 O Level 27 Summonings
 O Level 27 Necromancy
 O Level 27 Translocations
 O Level 27 Transmutations
 O Level 27 Fire Magic
 O Level 27 Ice Magic
 O Level 27 Air Magic
 O Level 27 Earth Magic
 O Level 27 Poison Magic
 O Level 27 Invocations
 O Level 27 Evocations


You had 80 spell levels left.
You didn't know any spells.
Your spell library was empty.

Dungeon Overview and Level Annotations

Branches:
Dungeon (1/1)

Altars:
Makhleb


Innate Abilities, Weirdness & Mutations

You have hooves in place of feet.
You have a pair of large horns on your head.
You can hurl damnation.
You regenerate a lot of health from kills.
You are completely covered in sharp spines.
You are resistant to unholy torment.
You punish those that try to bend your will. (Will+)
You have a sharp stinger which inflicts weakening toxins.


Message History

The tyrant touches you.
You hear a shout! x4
The eight-headed meat hydra roars!
You carve the tyrant like a ham!!!
You butcher the tyrant messily.
You destroy the tyrant!
Makhleb accepts your kill.
You feel better.
You hear a shout! x5
The eight-headed meat hydra calls on the powers of darkness!
The eight-headed meat hydra convulses!
The bag of meat convulses! x2
Your body is wracked with pain!
Something is bathed in an unholy light!
Unknown command.
You slice the bag of meat!!
You pulverise the bag of meat into a thin bloody mist.
You kill the bag of meat!
Makhleb accepts your kill.
You feel better.
You slice something!! You chop something into pieces.
Makhleb accepts your kill.
You feel better.
You feel a bit more experienced.
You slice the bag of meat!!
You slaughter the bag of meat joyfully.
You kill the bag of meat!
Makhleb accepts your kill.
You feel better.
You hear a shout! x5
The eight-headed meat hydra calls on the powers of darkness!
The eight-headed meat hydra convulses!
Your body is wracked with pain!
Unknown command.
Unknown command.
You hear a shout! x5
The fleshlord gestures wildly while chanting.
The fleshlord seems to speed up.
A sculptor of flesh comes into view. It is wielding a +9 great sword.
You hear a shout!
The eight-headed meat hydra calls on the powers of darkness!
The eight-headed meat hydra convulses!
Your body is wracked with pain!
The fleshlord convulses!
The bag of meat convulses!
You hear a shout! x2
The fleshlord hits you with a +9 great mace!!!!!!
Ouch! That really hurt!
You die...

...O§§§☼.#.#.#..#....#
..###)§).....z.#.....#
..#...§Mo.......#....#
..#.........§..#.....#
2...MW........o.....#
......#...#......##).#
M....#....#.....##...#
...##....)#)...p#))..#
..#...M..#))).##@)...#
#...###X.).#.......#
.........#.))......# .
............D.####
##.........####
#.......####
......#### ...###


You could see an eight-headed meat hydra, a fleshlord (fast), a sculptor of
flesh (wandering) and a bag of meat.

Vanquished Creatures
  4 hell knights (D)
  Sigmund (D)
  13 hell beasts (D)
  8 royal mummies (D)
  7 great orbs of eyes (D)
  5 wraiths (D)
  13 vampire knights (D)
  39 ogres (D)
  10 two-headed ogres (D)
  9 liches (D)
  2 hydras (D)
  92 orcs (D)
  4 phantoms (D)
  5 skeletal warriors (D)
  3 sea snakes (D)
215 creatures vanquished.

Vanquished Creatures (others)
  An ogre (D)
  2 two-headed ogres (D)
  An orc (D)
4 creatures vanquished.

Grand Total: 219 creatures vanquished

Notes
Turn   | Place    | Note
-------+----------+-------------------------------------------
     0 | D        | Found the +∞ Axe of Woe
     0 | D        | ytrimaz the Demonspawn Gladiator began the quest for the
                  | Orb.
     0 | D        | Reached XP level 1. HP: 16/16 MP: 1/1
     2 | D        | Noticed a meat berserker
     4 | D        | Became a worshipper of Makhleb the Destroyer
     5 | D        | Killed a meat berserker
     5 | D        | Noticed a meat berserker
     6 | D        | Reached skill level 10 in Fighting
     6 | D        | Discovered your monstrous ancestry.
     6 | D        | Gained mutation: You have a small tail. [demonic ancestry]
     6 | D        | Reached XP level 2. HP: 36/36 MP: 2/2
     6 | D        | Gained mutation: You regenerate a little health from kills.
                  | [demonic ancestry]
     6 | D        | Reached XP level 3. HP: 42/42 MP: 3/3
     6 | D        | Gained mutation: You have large cloven feet. [demonic
                  | ancestry]
     6 | D        | Reached XP level 4. HP: 48/48 MP: 4/4
     6 | D        | Reached XP level 5. HP: 54/54 MP: 5/5
     6 | D        | Reached XP level 6. HP: 61/61 MP: 6/6
     6 | D        | Gained mutation: You have hoof-like feet. [demonic
                  | ancestry]
     6 | D        | Reached XP level 7. HP: 67/67 MP: 7/7
     6 | D        | Gained mutation: You have a pair of small horns on your
                  | head. [demonic ancestry]
     6 | D        | Reached XP level 8. HP: 73/73 MP: 8/8
     6 | D        | Gained mutation: You are partially covered in sharp spines.
                  | [demonic ancestry]
     6 | D        | Reached XP level 9. HP: 79/79 MP: 9/9
     6 | D        | Gained mutation: You have a pair of horns on your head.
                  | [demonic ancestry]
     6 | D        | Reached XP level 10. HP: 86/86 MP: 10/10
     6 | D        | Gained mutation: You have hooves in place of feet. [demonic
                  | ancestry]
     6 | D        | Reached XP level 11. HP: 92/92 MP: 11/11
     7 | D        | Killed a meat berserker
     7 | D        | Reached * piety under Makhleb
     8 | D        | Reached skill level 5 in Axes
     8 | D        | Reached skill level 10 in Throwing
     8 | D        | Reached XP level 12. HP: 102/102 MP: 12/12
     8 | D        | Gained mutation: You are mostly covered in sharp spines.
                  | [demonic ancestry]
     8 | D        | Reached XP level 13. HP: 108/108 MP: 13/13
     8 | D        | Noticed a bag of meat
     8 | D        | Noticed a bag of meat
     9 | D        | Noticed a bag of meat
     9 | D        | Noticed a bag of meat
     9 | D        | Noticed a bag of meat
    10 | D        | Noticed a meat berserker
    11 | D        | Killed a bag of meat
    11 | D        | Noticed a meat berserker
    11 | D        | Noticed a bag of meat
    12 | D        | Noticed a meat berserker
    12 | D        | Noticed a meat berserker
    13 | D        | Noticed a meat berserker
    14 | D        | Killed a bag of meat
    14 | D        | Killed a meat berserker
    14 | D        | Reached ** piety under Makhleb
    14 | D        | Noticed a bag of meat
    14 | D        | Noticed a bag of meat
    14 | D        | Noticed a bag of meat
    15 | D        | Gained mutation: You punish those that try to bend your
                  | will. (Will+) [demonic ancestry]
    15 | D        | Reached XP level 14. HP: 99/120 MP: 14/14
    15 | D        | Killed a bag of meat
    15 | D        | Killed a meat berserker
    15 | D        | Killed a meat berserker
    15 | D        | Reached *** piety under Makhleb
    15 | D        | Noticed a bag of meat
    15 | D        | Noticed a bag of meat
    15 | D        | Noticed a bag of meat
    15 | D        | Noticed a bag of meat
    16 | D        | Reached XP level 15. HP: 113/132 MP: 15/15
    16 | D        | Killed a meat berserker
    16 | D        | Noticed a large bag of meat
    16 | D        | Noticed a meat berserker
    17 | D        | Reached skill level 15 in Axes
    17 | D        | Reached **** piety under Makhleb
    17 | D        | Killed a meat berserker
    18 | D        | Reached skill level 15 in Throwing
    18 | D        | Reached skill level 27 in Dodging
    18 | D        | Reached skill level 27 in Unarmed Combat
    18 | D        | Gained mutation: You are completely covered in sharp
                  | spines. [demonic ancestry]
    18 | D        | Reached XP level 16. HP: 146/146 MP: 16/16
    18 | D        | Killed a meat berserker
    18 | D        | Reached ***** piety under Makhleb
    19 | D        | Killed a large bag of meat
    19 | D        | Noticed a meat berserker
    20 | D        | Reached XP level 17. HP: 139/162 MP: 17/17
    21 | D        | Noticed a meat berserker
    23 | D        | Reached skill level 27 in Axes
    23 | D        | Gained mutation: You have a pair of large horns on your
                  | head. [demonic ancestry]
    23 | D        | Reached XP level 18. HP: 181/181 MP: 18/18
    23 | D        | Noticed a destroyer
    23 | D        | Noticed a meat berserker
    23 | D        | Noticed a meat berserker
    24 | D        | Killed a meat berserker
    24 | D        | Noticed a meat berserker
    25 | D        | Reached skill level 27 in Fighting
    25 | D        | Reached ****** piety under Makhleb
    25 | D        | Noticed an eight-headed meat hydra
    25 | D        | Noticed an eight-headed meat hydra
    26 | D        | Noticed a meat berserker
    26 | D        | Noticed a meat berserker
    26 | D        | Noticed a meat berserker
    26 | D        | Noticed a large bag of meat
    26 | D        | Noticed a large bag of meat
    27 | D        | Killed a meat berserker
    27 | D        | Killed a destroyer
    27 | D        | Noticed a destroyer
    27 | D        | Noticed a meat berserker
    28 | D        | Reached skill level 27 in Throwing
    28 | D        | Killed a meat berserker
    28 | D        | Noticed a large bag of meat
    28 | D        | Noticed a destroyer
    29 | D        | Reached XP level 19. HP: 189/189 MP: 19/19
    29 | D        | Killed a meat berserker
    29 | D        | Noticed a large bag of meat
    30 | D        | Reached skill level 27 in Armour
    30 | D        | Killed a meat berserker
    30 | D        | Killed a nine-headed meat hydra
    31 | D        | Reached skill level 5 in Stealth
    31 | D        | Reached skill level 5 in Conjurations
    31 | D        | Reached skill level 5 in Hexes
    31 | D        | Reached skill level 5 in Summonings
    31 | D        | Reached skill level 5 in Necromancy
    31 | D        | Reached skill level 5 in Poison Magic
    31 | D        | Reached skill level 5 in Evocations
    31 | D        | Gained mutation: You are resistant to unholy torment.
                  | [demonic ancestry]
    31 | D        | Reached XP level 20. HP: 197/197 MP: 19/27
    31 | D        | Killed a meat berserker
    31 | D        | Noticed a large bag of meat
    32 | D        | Noticed a meat berserker
    33 | D        | Reached skill level 10 in Invocations
    33 | D        | Killed a meat berserker
    33 | D        | Noticed a destroyer
    34 | D        | Killed a meat berserker
    34 | D        | Noticed a meat berserker
    35 | D        | Killed a meat berserker
    35 | D        | Killed a large bag of meat
    36 | D        | Killed a destroyer
    36 | D        | Killed a destroyer
    37 | D        | Reached skill level 10 in Hexes
    37 | D        | Reached skill level 10 in Necromancy
    37 | D        | Reached skill level 10 in Poison Magic
    37 | D        | Reached skill level 10 in Evocations
    37 | D        | Gained mutation: You have a tail ending in a sharp stinger.
                  | [demonic ancestry]
    37 | D        | Reached XP level 21. HP: 194/204 MP: 19/33
    37 | D        | Killed a large bag of meat
    38 | D        | Reached skill level 10 in Stealth
    38 | D        | Reached skill level 10 in Conjurations
    38 | D        | Reached skill level 10 in Summonings
    38 | D        | Killed a large bag of meat
    38 | D        | Noticed a destroyer
    39 | D        | Reached skill level 10 in Short Blades
    39 | D        | Reached skill level 10 in Long Blades
    39 | D        | Reached skill level 10 in Maces & Flails
    39 | D        | Reached skill level 10 in Polearms
    39 | D        | Reached skill level 10 in Staves
    39 | D        | Reached skill level 10 in Slings
    39 | D        | Reached skill level 10 in Bows
    39 | D        | Reached skill level 10 in Crossbows
    39 | D        | Reached skill level 10 in Shields
    39 | D        | Reached skill level 10 in Spellcasting
    39 | D        | Reached skill level 10 in Translocations
    39 | D        | Reached skill level 10 in Transmutations
    39 | D        | Reached skill level 10 in Fire Magic
    39 | D        | Reached skill level 10 in Ice Magic
    39 | D        | Reached skill level 10 in Air Magic
    39 | D        | Reached skill level 10 in Earth Magic
    39 | D        | Reached skill level 15 in Invocations
    39 | D        | Noticed a destroyer
    41 | D        | Killed a large bag of meat
    41 | D        | Noticed a tyrant
    42 | D        | Killed a tyrant
    43 | D        | Gained mutation: You regenerate health from kills. [demonic
                  | ancestry]
    43 | D        | Reached XP level 22. HP: 203/212 MP: 20/37
    44 | D        | Noticed an accursed
    45 | D        | Killed a destroyer
    46 | D        | Killed a destroyer
    47 | D        | Reached skill level 15 in Hexes
    47 | D        | Reached skill level 15 in Necromancy
    47 | D        | Reached skill level 15 in Poison Magic
    47 | D        | Reached skill level 15 in Evocations
    47 | D        | Killed a large bag of meat
    48 | D        | Reached XP level 23. HP: 192/219 MP: 21/40
    48 | D        | Noticed an accursed
    49 | D        | Killed an accursed
    49 | D        | Killed a destroyer
    50 | D        | Noticed an accursed
    50 | D        | Noticed a destroyer
    52 | D        | Reached skill level 15 in Short Blades
    52 | D        | Reached skill level 15 in Long Blades
    52 | D        | Reached skill level 15 in Maces & Flails
    52 | D        | Reached skill level 15 in Polearms
    52 | D        | Reached skill level 15 in Staves
    52 | D        | Reached skill level 15 in Slings
    52 | D        | Reached skill level 15 in Bows
    52 | D        | Reached skill level 15 in Crossbows
    52 | D        | Reached skill level 15 in Shields
    52 | D        | Reached skill level 15 in Spellcasting
    52 | D        | Reached skill level 15 in Translocations
    52 | D        | Reached skill level 15 in Transmutations
    52 | D        | Reached skill level 15 in Fire Magic
    52 | D        | Reached skill level 15 in Ice Magic
    52 | D        | Reached skill level 15 in Air Magic
    52 | D        | Reached skill level 15 in Earth Magic
    52 | D        | Reached XP level 24. HP: 222/227 MP: 22/42
    52 | D        | Noticed a large bag of meat
    54 | D        | Noticed a tyrant
    55 | D        | Killed an accursed
    55 | D        | Killed a destroyer
    55 | D        | Noticed a destroyer
    56 | D        | Reached skill level 27 in Stealth
    57 | D        | Noticed a large bag of meat
    58 | D        | Noticed a tyrant
    59 | D        | Noticed a meat beast
    60 | D        | Gained mutation: You have a sharp stinger which inflicts
                  | weakening toxins. [demonic ancestry]
    60 | D        | Reached XP level 25. HP: 234/234 MP: 24/43
    62 | D        | Killed a destroyer
    63 | D        | Killed a meat beast
    63 | D        | Killed a large bag of meat
    63 | D        | Noticed a meat beast
    63 | D        | Noticed a dread
    64 | D        | Reached skill level 27 in Invocations
    64 | D        | Gained mutation: You regenerate a lot of health from kills.
                  | [demonic ancestry]
    64 | D        | Reached XP level 26. HP: 149/242 MP: 25/45
    64 | D        | Noticed a tyrant
    65 | D        | Killed a large bag of meat
    65 | D        | Noticed a destroyer
    66 | D        | Noticed a tyrant
    67 | D        | Noticed a destroyer
    70 | D        | Killed an accursed
    70 | D        | Noticed a dread
    71 | D        | Killed a destroyer
    72 | D        | Gained mutation: You can hurl damnation. [demonic ancestry]
    72 | D        | Reached XP level 27. HP: 175/249 MP: 27/46
    72 | D        | Noticed a tyrant
    72 | D        | Noticed a large bag of meat
    72 | D        | Noticed an accursed
    74 | D        | Killed a destroyer
    75 | D        | Killed a dread
    75 | D        | Noticed a meat beast
    75 | D        | Noticed a dread
    77 | D        | Noticed a destroyer
    78 | D        | Killed a tyrant
    78 | D        | Noticed an accursed
    79 | D        | Killed a meat beast
    79 | D        | Killed a destroyer
    79 | D        | Noticed a meat beast
    79 | D        | Noticed a destroyer
    80 | D        | Killed a tyrant
    80 | D        | Noticed a meat beast
    81 | D        | Killed a tyrant
    81 | D        | Noticed a large bag of meat
    83 | D        | Killed a meat beast
    83 | D        | Killed a meat beast
    83 | D        | Noticed a large bag of meat
    84 | D        | Reached skill level 27 in Hexes
    84 | D        | Reached skill level 27 in Necromancy
    84 | D        | Reached skill level 27 in Poison Magic
    84 | D        | Reached skill level 27 in Evocations
    84 | D        | Noticed a large bag of meat
    84 | D        | Noticed a meat beast
    85 | D        | Killed a destroyer
    86 | D        | Noticed a meat beast
    86 | D        | Noticed an accursed
    87 | D        | Killed a meat beast
    87 | D        | Killed a tyrant
    87 | D        | Killed a large bag of meat
    87 | D        | Noticed a meat beast
    88 | D        | Reached skill level 27 in Summonings
    88 | D        | Noticed an accursed
    88 | D        | Killed a meat beast
    88 | D        | Noticed a dread
    89 | D        | Reached skill level 27 in Conjurations
    89 | D        | Killed a dread
    90 | D        | Reached skill level 27 in Fire Magic
    90 | D        | Reached skill level 27 in Ice Magic
    90 | D        | Reached skill level 27 in Air Magic
    90 | D        | Reached skill level 27 in Earth Magic
    90 | D        | Noticed a tyrant
    90 | D        | Noticed a meat beast
    91 | D        | Killed a tyrant
    91 | D        | Killed a large bag of meat
    91 | D        | Killed a large bag of meat
    91 | D        | Killed a meat beast
    91 | D        | Noticed a destroyer
    92 | D        | Reached skill level 27 in Short Blades
    92 | D        | Reached skill level 27 in Long Blades
    92 | D        | Reached skill level 27 in Maces & Flails
    92 | D        | Reached skill level 27 in Polearms
    92 | D        | Reached skill level 27 in Staves
    92 | D        | Reached skill level 27 in Slings
    92 | D        | Reached skill level 27 in Bows
    92 | D        | Reached skill level 27 in Crossbows
    92 | D        | Reached skill level 27 in Shields
    92 | D        | Reached skill level 27 in Spellcasting
    92 | D        | Reached skill level 27 in Translocations
    92 | D        | Reached skill level 27 in Transmutations
    92 | D        | Killed a meat beast
    92 | D        | Noticed an accursed
    92 | D        | Noticed an accursed
    93 | D        | Killed an accursed
    94 | D        | Noticed a tyrant
    94 | D        | Noticed an accursed
    97 | D        | Killed a destroyer
    99 | D        | Killed an accursed
   101 | D        | Killed a meat beast
   104 | D        | Noticed an accursed
   105 | D        | Noticed a dread
   108 | D        | Killed a tyrant
   109 | D        | Killed a large bag of meat
   112 | D        | HP: 9/249 [something/fireball (62)]
   115 | D        | Killed an accursed
   115 | D        | HP: 3/249 [tyrant/the air (25)]
   116 | D        | Killed a dread
   119 | D        | Killed a tyrant
   120 | D        | Killed a dread
   122 | D        | Killed a dread
   122 | D        | Killed an accursed
   122 | D        | Killed an accursed
   126 | D        | Noticed a fleshlord
   129 | D        | Noticed a fleshlord
   130 | D        | Noticed a fleshlord
   130 | D        | Noticed a fleshlord
   131 | D        | Noticed a tyrant
   131 | D        | Noticed The Captor
   135 | D        | Noticed a meat beast
   135 | D        | Noticed a meat beast
   136 | D        | Killed a fleshlord
   137 | D        | Killed a meat beast
   138 | D        | Noticed a meat beast
   138 | D        | Killed a fleshlord
   139 | D        | Noticed a fleshlord
   141 | D        | Killed The Captor
   141 | D        | Killed a meat beast
   142 | D        | Killed a meat beast
   142 | D        | Noticed a meat beast
   144 | D        | Noticed a fleshlord
   146 | D        | Killed a meat beast
   148 | D        | Noticed a fleshlord
   148 | D        | Killed a fleshlord
   149 | D        | Killed a fleshlord
   150 | D        | Killed a tyrant
   152 | D        | Annihilated by a fleshlord

Illustrated notes

Levels and vault maps discovered:
D:        meatsprint

Skill      XL: |  1  2  3  4  5  6  7  8  9 10 11 12 13 14 15 16 17 18 19 20 21 22 23 24 25 26 27 |
---------------+----------------------------------------------------------------------------------+-----
Fighting       | 10 12 14 16 19 22 26 27 | 27.0
Axes           | 3 5 9 13 18 24 27 | 27.0
Throwing       | 9 10 12 13 15 17 19 27 | 27.0
Dodging        | 17 19 22 24 27 | 27.0
Unarmed Combat | 17 19 22 25 27 | 27.0
Armour         | 2 3 24 27 | 27.0
Short Blades   | 4 8 11 13 15 16 18 20 27 | 27.0
Long Blades    | 4 9 11 13 15 16 18 19 27 | 27.0
Maces & Flails | 4 8 11 13 15 16 18 19 27 | 27.0
Polearms       | 4 9 11 13 15 16 18 19 27 | 27.0
Staves         | 4 8 11 13 15 16 18 19 27 | 27.0
Slings         | 4 9 11 13 15 16 18 19 27 | 27.0
Bows           | 4 8 11 13 15 16 18 19 27 | 27.0
Crossbows      | 4 8 11 13 15 16 18 19 27 | 27.0
Stealth        | 5 9 12 14 16 27 | 27.0
Shields        | 4 8 11 13 15 16 18 19 27 | 27.0
Spellcasting   | 4 8 11 13 15 16 18 19 27 | 27.0
Conjurations   | 5 9 12 14 16 17 20 21 27 | 27.0
Hexes          | 5 10 13 16 18 19 22 23 27 | 27.0
Summonings     | 5 9 12 14 16 17 20 21 27 | 27.0
Necromancy     | 5 10 13 15 17 19 21 23 27 | 27.0
Translocations | 4 8 11 13 15 16 18 20 27 | 27.0
Transmutations | 4 9 11 13 15 16 18 20 27 | 27.0
Fire Magic     | 4 9 11 13 15 16 19 20 27 | 27.0
Ice Magic      | 4 8 11 13 15 16 19 20 27 | 27.0
Air Magic      | 4 9 11 13 15 16 19 20 27 | 27.0
Earth Magic    | 4 9 11 13 15 16 19 20 27 | 27.0
Poison Magic   | 5 10 13 16 18 19 22 23 27 | 27.0
Invocations    | 7 14 17 20 22 24 27 | 27.0
Evocations     | 5 10 13 16 18 19 22 23 27 | 27.0

Action                   |  1- 3 |  4- 6 |  7- 9 | 10-12 | 13-15 | 16-18 | 19-21 | 22-24 | 25-27 || total
-------------------------+-------+-------+-------+-------+-------+-------+-------+-------+-------++-------
Melee: Executioner's axe |     1 |       |       |     1 |     5 |     8 |    14 |    12 |    56 ||    97
  Use: Scroll            |       |       |       |       |       |       |       |       |     1 ||     1
Armor: Leather armour    |       |       |       |       |       |       |       |       |     9 ||     9
Dodge: Dodged            |       |       |       |     1 |     2 |       |       |     2 |    15 ||    20

Table legend: (Time is in decaauts)
 A = Elapsed time spent in this place.
 B = Non-inter-level travel time spent in this place.
 C = Inter-level travel time spent in this place.
 D = Time resting spent in this place.
 E = Time spent auto-exploring this place.
 F = Levels seen in this place.
 G = Mean time per level.
                   A        B        C        D        E       F      G
               +--------+--------+--------+--------+--------+-----+--------+
         Total |    131 |    131 |      0 |      0 |      0 |   1 |  131.0 |
       Dungeon |    131 |    131 |      0 |      0 |      0 |   1 |  131.0 |
               +--------+--------+--------+--------+--------+-----+--------+

Top non-repeatable levels by time:
       D: 131 daAuts
